cohdb
Replays
Latest Replays
All Replays
Popular Replays
Top Player Replays
Match Explorer
How It Works
Community
CoH3 Stats
Reddit
Sign in to upload your games and track your stats! →
Sign in with Steam
Match 47130100
Unlisted
Match 47130100
Overview
Messages
Build Orders
End
Kradschützen Motorcycle Team
Panzergrenadier Squad
Panzergrenadier Squad
Construct Light Support Kompanie
Fire Support Elements
Flakvierling Half-track
Veteran Squad Leaders
le.IG 18 Mechanized Group
Pak 38 Anti-tank Gun Team
Assault Grenadier Squad
2.5-tonne Medical Truck
Construct Mechanized Kompanie
Construct Panzerarmee Kommand
Panzer III L Medium Tank
Tungsten Core Ammunition
Panzer III L Medium Tank
Cursetolga
cheesysamurai
LEROY ACTUAL
player8888
Aqely
Deathwing The Boss
N @ V @ D @
DK
0
0
Comments
sign in to comment!
No comments posted yet!